 Dungeon Crawl Stone Soup version 0.25.0-1-g7eea58d2a3 (webtiles) character file.

Game seed: 3402283062590941492

81 mortelune the Skirmisher (level 4, 0/37 HPs)
             Began as a Formicid Abyssal Knight on June 14, 2020.
             Was a Follower of Lugonu.
             Slain by an adder (3 damage)
             ... on level 2 of the Dungeon.
             The game lasted 00:03:04 (3196 turns).

mortelune the Skirmisher (Formicid Abyssal Knight)  Turns: 3196, Time: 00:03:05

Health: 0/37       AC:  3    Str: 14 (17) XL:     4   Next: 67%
Magic:  5/5        EV:  8    Int: 10 (12) God:    Lugonu [*.....]
Gold:   42         SH:  6    Dex:  7 (10) Spells: 3/3 levels left

rFire    . . .     SeeInvis +   a - +1 hand axe
rCold    . . .     Gourm    .   n - +0 kite shield
rNeg     . . .     Faith    .   b - +0 leather armour
rPois    .         Spirit   .   (helmet unavailable)
rElec    .         Reflect  .   (no cloak)
rCorr    .         Harm     .   (no gloves)
MR       .....                  (no boots)
Stlth    +.........             (no amulet)
HPRegen  0.12/turn              (no ring)
MPRegen  0.09/turn              (no ring)

@: lethally poisoned (0 -> -5), flying
A: permanent stasis, dig shafts and tunnels, four strong arms, antennae 3
a: Dig, Shaft Self, Depart the Abyss, Renounce Religion


You were on level 2 of the Dungeon.
You worshipped Lugonu.
Lugonu was aware of your devotion.
You were very hungry.

You visited 1 branch of the dungeon, and saw 2 of its levels.
You visited the Abyss 1 time.

You collected 42 gold pieces.

Inventory:

Hand Weapons
 a - a +1 hand axe (weapon)
Missiles
 Q - 90 stones (quivered)
Armour
 b - a +0 leather armour (worn)
 n - a +0 kite shield (worn)
Jewellery
 g - a cursed ring of attention {unknown}
 m - a cursed ring of flight
 M - an uncursed ring of protection from magic
Scrolls
 d - 2 scrolls of remove curse {unknown}
 e - 5 scrolls of identify {unknown}
 h - 2 scrolls of amnesia {unknown}
 k - a scroll of blinking {unknown}
Potions
 j - a potion of flight
Comestibles
 c - 4 rations


   Skills:
 + Level 4.2 Fighting
 + Level 3.0 Axes
 + Level 3.3 Armour
 - Level 0.8 Dodging
 - Level 2.1 Invocations


You had 3 spell levels left.
You didn't know any spells.
Your spell library was empty.

Dungeon Overview and Level Annotations

Branches:
Dungeon (2/15)

Altars:
Hepliaklqana


Innate Abilities, Weirdness & Mutations

You cannot be hasted, slowed, berserked, paralysed or teleported.
You can dig through walls and to a lower floor.
Your four strong arms can wield two-handed weapons with a shield.
You have a pair of large antennae on your head. (SInv)


Message History

It was a potion of flight.
You feel very buoyant.
You fly up into the air.
You block the adder's attack. The adder completely misses you.
It was a potion of berserk rage.
Your stasis prevents you from going berserk.
* * * LOW HITPOINT WARNING * * *
You feel sick. The adder barely misses you.
* * * LOW HITPOINT WARNING * * *
You feel sick. The adder bites you but does no damage.
* * * LOW HITPOINT WARNING * * *
You feel sick.
You see here a stone.
* * * LOW HITPOINT WARNING * * *
You feel sick.
You see here a stone.
* * * LOW HITPOINT WARNING * * *
You feel sick. The adder bites you.
You die...

....# #.# ....... ....# #.#
....... ....# #.# { ....#
#.# ....# #.# ....#
#.############## ###.#
#..............#
#.#######..............###
###..##.........@S((.......#
.###.##.........########...#
.# #..#.........# ..# .#
##.#.........# .# .#
#.#.........# # .#
#<..........# .#
##..........# .#
#.####+##### .# #.)#


You could see an adder.

Vanquished Creatures
  3 adders (D:2)
  A worm (D:2)
  5 dart slugs
  A leopard gecko (D:1)
  11 bats
  A goblin (D:2)
  5 hobgoblins
  5 jackals (D:2)
  6 kobolds
  A frilled lizard (D:1)
  3 rats
42 creatures vanquished.

Notes
Turn   | Place    | Note
-------+----------+-------------------------------------------
     0 | Abyss:1  | mortelune the Formicid Abyssal Knight began the quest for
                  | the Orb.
     0 | Abyss:1  | Reached XP level 1. HP: 18/18 MP: 2/2
     5 | Abyss:1  | Noticed a thrashing horror
     9 | D:1      | Escaped the Abyss
   308 | D:1      | Reached XP level 2. HP: 6/24 MP: 3/3
   554 | D:1      | Reached * piety under Lugonu
  1099 | D:1      | Reached XP level 3. HP: 29/30 MP: 4/4
  2321 | D:2      | Reached skill level 4 in Fighting
  2321 | D:2      | Reached XP level 4. HP: 35/37 MP: 5/5
  2590 | D:2      | Found a hazy altar of Hepliaklqana.
  3196 | D:2      | Slain by an adder

Illustrated notes

Levels and vault maps discovered:
D:1:      lightli_arrival_quake, layout_loops_ring
D:2:      layout_basic, lemuel_doored_altar, eat_drink_and_be_merry_uskayaw,
          first_ration, minmay_pentomino_w2

Skill      XL: |  1  2  3  4 |
---------------+-------------+-----
Armour         | 3 |  3.3
Fighting       | 4 |  4.2
Axes           | 3 |  3.0
Dodging        | |  0.8
Invocations    | |  2.1

Action                   |  1- 3 |  4- 6 || total
-------------------------+-------+-------++-------
Melee: Hand axe          |   120 |    48 ||   168
Throw: Stone             |     8 |       ||     8
Invok: Depart the Abyss  |     1 |       ||     1
  Use: Potion            |       |     4 ||     4
  Eat: Chunk             |     4 |     2 ||     6
Armor: Leather armour    |    56 |    14 ||    70
Dodge: Dodged            |   113 |    27 ||   140
Block: Kite shield       |       |    11 ||    11
